 Dungeon Crawl Stone Soup version 0.31-a0-984-gbfb7dba898 (webtiles) character file.

Game seed: 18403483698847641313

2174 BinkBink the Carver (level 9, -5/79 HPs)
             Began as a Minotaur Monk on Nov 3, 2023.
             Slain by an orc knight
             ... wielding a +0 war axe
              (15 damage)
             ... in a bailey.
             The game lasted 00:06:40 (5278 turns).

BinkBink the Carver (Minotaur Monk)                 Turns: 5278, Time: 00:06:40

Health: -5/79      AC:  8    Str: 19    XL:     9   Next: 11%
Magic:  8/8        EV: 14    Int:  7    God:
Gold:   375        SH:  0    Dex: 17    Spells: 8/8 levels left

rFire   + . .        f - +0 great sword
rCold   . . .        (shield currently unavailable)
rNeg    . . .        m - +1 ring mail of Vexation {rF+ Str+3 SInv}
rPois   .            (helmet restricted)
rElec   .            (no cloak)
rCorr   .            A - +0 pair of gloves
SInv    +            (no boots)
Will    .....        z - amulet of the acrobat
Stlth   +            (no ring)
HPRegen 0.33/turn    (no ring)
MPRegen 0.11/turn

%: acrobat
@: no status effects
A: horns 2, retaliatory headbutt
a: no special abilities


You were in a bailey.
You visited 1 branch of the dungeon, and saw 7 of its levels.
You also visited: Bailey.

You collected 375 gold pieces.

Inventory:

Hand Weapons
 a - a +0 mace
 f - a +0 great sword (weapon)
 j - a +1 mace of protection
Armour
 b - a +0 robe
 d - an orb of light
 m - the +1 ring mail of Vexation (worn) {rF+ Str+3 SInv}
   (You found it on level 3 of the Dungeon)

   Str+3:     It affects your strength (+3).
   rF+:       It protects you from fire.
   SInv:      It lets you see invisible.
 y - a +0 crystal plate armour
 A - a +0 pair of gloves (worn)
Jewellery
 n - a ring of see invisible
 z - an amulet of the acrobat (around neck)
 B - a ring of wizardry
Scrolls
 e - a scroll of butterflies {unknown}
 l - a scroll of fear {unknown}
 p - 2 scrolls of identify
 q - a scroll of silence {unknown}
 s - a scroll of noise {unknown}
 u - 2 scrolls of teleportation {unknown}
 x - a scroll of immolation {unknown}
 C - a scroll of fog {unknown}
 D - a scroll of enchant weapon {unknown}
Potions
 c - a potion of ambrosia
 g - 2 potions of resistance
 h - 2 potions of mutation
 i - 2 potions of curing
 k - 2 potions of haste
 o - a potion of lignification {unknown}
 r - 4 potions of heal wounds
 t - a potion of attraction {unknown}
 v - a potion of enlightenment {unknown}
 w - a potion of brilliance {unknown}


   Skills:
 + Level 7.5 Fighting
 * Level 9.0 Long Blades
 - Level 3.8 Maces & Flails
 + Level 6.0 Armour
 + Level 6.8 Dodging


You had 8 spell levels left.
You didn't know any spells.
Your spell library contained the following spells:

 Spells                   Type           Power      Damage    Failure   Level
 Scorch                   Fire           0%         2d5       75%         2
 Gell's Gravitas          Tloc           0%         N/A       92%         3
 Teleport Other           Tloc           0%         N/A       92%         3
 Flame Wave               Conj/Fire      0%         2d4       100%        4
 Dispersal                Tloc           0%         N/A       100%        6
 Summon Cactus Giant      Summ           0%         N/A       100%        6


Dungeon Overview and Level Annotations

Branches:
Dungeon (7/15)             Bailey (1/1)
 Temple: D:4-7

Altars:
Ashenzari
Elyvilon
Fedhas
Gozag
Hepliaklqana
Kikubaaqudgha
Wu Jian
Yredelemnul


Innate Abilities, Weirdness & Mutations

You have a pair of horns on your head.
You reflexively headbutt those who attack you in melee.


Message History

h - 2 potions of mutation
As you read the scroll of identify, it crumbles to dust.
g - 2 potions of resistance
As you read the scroll of identify, it crumbles to dust.
i - 2 potions of curing
As you read the scroll of identify, it crumbles to dust.
k - 2 potions of haste You hit the orc knight.
The orc knight is lightly wounded.
The orc knight completely misses you.
You closely miss the orc knight.
The orc knight is lightly wounded.
The orc knight misses you.
You closely miss the orc knight.
The orc knight is lightly wounded.
The orc knight hits you with a +0 war axe.
You closely miss the orc knight. You headbutt the orc knight.
The orc knight is lightly wounded.
The orc knight closely misses you.
The orc knight hits you with a +0 war axe.
You hit the orc knight.
The orc knight is lightly wounded.
The orc knight hits you with a +0 war axe!!
You slice the orc knight!!
The orc knight is moderately wounded.
The orc knight hits you with a +0 war axe.
You barely miss the orc knight.
The orc knight is moderately wounded.
The orc knight closely misses you.
You closely miss the orc knight. Your headbutt misses the orc knight.
The orc knight is moderately wounded.
The orc knight hits you with a +0 war axe! x2
You slash the orc knight! You headbutt the orc knight.
The orc knight is heavily wounded.
The orc knight hits you with a +0 war axe!
* * * LOW HITPOINT WARNING * * *
You hit the orc knight but do no damage.
The orc knight is heavily wounded.
The orc knight hits you with a +0 war axe!
You die...

####### ##.....##
#...∩...#
#......@#
##..∩.o## ##'''##
#...# #...# #..(#
####.).####
##~.))(o..~##
#~~....(..~~#####


You could see an orc knight.

Vanquished Creatures
  Grinder (D:3)
  Sigmund (D:2)
  3 black bears
  An ogre (D:6)
  The ghost of Malachi the Insei, an amateur DsSh of Dithmenos (D:3)
  3 bullfrogs
  3 kobold brigands (Bailey)
  2 necrophages (D:5)
  2 water moccasin zombies (D:5)
  A wight (D:5)
  A crimson imp (D:5)
  A hound (D:5)
  A human zombie (D:5)
  2 jellies
  2 bullfrog zombies (D:5)
  4 iguanas
  2 sleepcaps
  2 orc wizards (D:6)
  2 hound zombies (D:5)
  A mummy (D:5)
  A howler monkey zombie (D:5)
  10 adders
  3 white imps
  4 ufetubi
  2 worms
  4 dart slugs
  13 orcs
  7 ball pythons
  5 endoplasms
  A giant cockroach (D:2)
  7 goblins
  3 hobgoblins
  5 quokkas
  5 bats
  3 frilled lizards (D:1)
  17 kobolds
  7 rats
133 creatures vanquished.

Notes
Turn   | Place    | Note
-------+----------+-------------------------------------------
     0 | D:1      | BinkBink the Minotaur Monk began the quest for the Orb.
     0 | D:1      | Reached XP level 1. HP: 19/19 MP: 0/0
   168 | D:1      | Reached XP level 2. HP: 27/27 MP: 1/1
   507 | D:1      | Reached skill level 1 in Long Blades
   641 | D:2      | Found a basalt altar of Yredelemnul.
   646 | D:2      | Reached XP level 3. HP: 30/33 MP: 2/2
   689 | D:2      | You fall into a shaft and drop 1 floor!
   778 | D:3      | Identified the +1 ring mail of Vexation {rF+ Str+3 SInv}
  1000 | D:3      | Found a faded altar of an unknown god.
  1004 | D:3      | Found a blossoming altar of Fedhas.
  1009 | D:3      | Reached skill level 2 in Long Blades
  1167 | D:2      | Reached XP level 4. HP: 37/40 MP: 3/3
  1201 | D:2      | Reached skill level 1 in Armour
  1436 | D:2      | Noticed Sigmund
  1456 | D:2      | Killed Sigmund
  1457 | D:2      | Reached skill level 4 in Long Blades
  1457 | D:2      | Reached XP level 5. HP: 30/47 MP: 4/4
  1629 | D:3      | Noticed Grinder
  1633 | D:3      | Killed Grinder
  1634 | D:3      | Reached skill level 5 in Fighting
  1634 | D:3      | Reached XP level 6. HP: 48/56 MP: 5/5
  1677 | D:3      | Found a runed translucent door.
  1684 | D:3      | Noticed Malachi's ghost (amateur DsSh)
  1695 | D:3      | Reached skill level 5 in Long Blades
  1709 | D:3      | Reached XP level 7. HP: 53/61 MP: 6/6
  1715 | D:3      | Killed Malachi's ghost
  1716 | D:3      | Reached skill level 5 in Dodging
  2132 | D:4      | Found a hazy altar of Hepliaklqana.
  2195 | D:4      | Reached skill level 6 in Long Blades
  2393 | D:4      | Found an ornate altar of the Wu Jian Council.
  2551 | D:4      | Found an opulent altar of Gozag.
  2760 | D:5      | Entered Level 5 of the Dungeon
  3231 | D:5      | Reached XP level 8. HP: 68/70 MP: 7/7
  3238 | D:5      | Found an ancient bone altar of Kikubaaqudgha.
  3242 | D:5      | Reached skill level 7 in Long Blades
  3381 | D:5      | Found a white marble altar of Elyvilon.
  3467 | D:5      | Found a broken altar of Ashenzari.
  3720 | D:5      | Reached skill level 5 in Armour
  4310 | D:6      | Reached skill level 8 in Long Blades
  4998 | D:7      | Found a flagged portal.
  5018 | D:7      | Reached XP level 9. HP: 67/79 MP: 8/8
  5031 | Bailey   | Entered a bailey
  5236 | Bailey   | Reached skill level 9 in Long Blades
  5246 | Bailey   | Noticed an orc knight
  5278 | Bailey   | Slain by an orc knight

Illustrated notes

Levels and vault maps discovered:
D:1:      mushboom_english_gardens, layout_basic, chequers_garden, hex_tiny,
          minmay_door_square
D:2:      layout_rooms, basic_altar, minmay_crystal_water, uniq_sigmund
D:3:      layout_loops_ring, nicolae_overflow_ecumenical_swirl,
          ebering_ghost_sewer_d, uniq_grinder
D:4:      layout_rooms, mainiacjoe_overflow_surrounded_room,
          amcnicky_altar_gilded, grunt_gozag_breadcrumbs, serial_corexii_hall,
          corexii_hall_statues_deadend, corexii_hall_statues_l, minmay_distorted
D:5:      layout_loops_corners, lemuel_mausoleum_altar_kikubaaqudgha,
          mainiacjoe_overflow_paths, nicolae_overflow_crystal_walls,
          minmay_fire_ice_demons
D:6:      layout_basic
D:7:      layout_loops_ring, mainiacjoe_overflow_tiny_flanked,
          minmay_temple_entry_slanted, enter_bailey_2, serial_shops,
          nicolae_square_shop
Bailey:   bailey_axe_3, bailey

Skill      XL: |  1  2  3  4  5  6  7  8  9 |
---------------+----------------------------+-----
Fighting       | 4 5 6 7 |  7.5
Long Blades    | 1 2 4 5 6 8 9 |  9.0
Armour         | 2 3 4 5 6 |  6.0
Dodging        | 4 5 6 |  6.8
Maces & Flails | |  3.8

Action                     |  1- 3 |  4- 6 |  7- 9 || total
---------------------------+-------+-------+-------++-------
  Melee: Mace              |    13 |       |       ||    13
         Great sword       |    38 |    53 |   223 ||   314
         Headbutt          |     2 |     7 |    36 ||    45
    Use: Scroll            |       |       |     5 ||     5
 Armour: Robe              |    16 |       |       ||    16
         Ring mail         |    11 |    41 |   162 ||   214
  Dodge: Dodged            |    40 |    46 |   202 ||   288

Table legend: (Time is in decaauts)
 A = Elapsed time spent in this place.
 B = Non-inter-level travel time spent in this place.
 C = Inter-level travel time spent in this place.
 D = Time resting spent in this place.
 E = Time spent auto-exploring this place.
 F = Levels seen in this place.
 G = Mean time per level.
                   A        B        C        D        E       F      G
               +--------+--------+--------+--------+--------+-----+--------+
         Total |   5413 |   5163 |    250 |    305 |   3906 |   8 |  676.6 |
       Dungeon |   5159 |   4909 |    250 |    156 |   3876 |   7 |  737.0 |
        Bailey |    254 |    254 |      0 |    149 |     30 |   1 |  254.0 |
               +--------+--------+--------+--------+--------+-----+--------+

Top non-repeatable levels by time:
     D:5: 1321 daAuts
     D:3: 999 daAuts
     D:6: 910 daAuts
     D:4: 660 daAuts
     D:1: 631 daAuts
     D:2: 552 daAuts
  Bailey: 254 daAuts
     D:7: 83 daAuts
